 Dungeon Crawl Stone Soup version 0.18-a0-23-g19353e1 (webtiles) character file.

87 esc the Insei (level 4, 0/36 HPs)
             Began as a Demonspawn Monk on Nov 2, 2015.
             Was a Believer of Qazlal.
             Slain by Robin
             ... wielding a +2 trident of venom
              (8 damage)
             ... on level 3 of the Dungeon.
             The game lasted 00:04:17 (1620 turns).

esc the Insei (Demonspawn Monk)                     Turns: 1620, Time: 00:04:17

Health: 0/36       AC:  5    Str: 12    XL:     4   Next: 28%
Magic:  4/4        EV: 13    Int: 11    God:    Qazlal [**....]
Gold:   97         SH:  5    Dex: 16    Spells: 0 memorised, 3 levels left

rFire  . . .     SeeInvis .       - Unarmed
rCold  . . .     Clarity  .     a - +0 robe
rNeg   . . .     SustAt   .     (no shield)
rPois  .         Gourm    .     (helmet restricted)
rElec  .         Spirit   .     (no cloak)
rCorr  .         Warding  .     (no gloves)
rMut   .         Stasis   .     m - +0 pair of boots
MR     .....                    (no amulet)
Stlth  ++........               (no ring)
                                (no ring)

@: lethally poisoned (0 -> -2), not resistant to hostile enchantments,
unstealthy
A: antennae 1, large bone plates 1, powered by pain 1
a: Upheaval, Renounce Religion


You were on level 3 of the Dungeon.
You worshipped Qazlal.
Qazlal was pleased with you.
You were not hungry.

You visited 1 branch of the dungeon, and saw 3 of its levels.

You collected 97 gold pieces.

Inventory:

Armour
 a - a +0 robe (worn)
 m - a +0 pair of boots (worn)
   (You found it on level 2 of the Dungeon)
Scrolls
 c - 2 scrolls of noise {unknown}
 d - 2 scrolls of identify {unknown}
 j - a scroll of immolation {unknown}
 l - a scroll of random uselessness {unknown}
 n - a scroll of remove curse {unknown}
Potions
 h - a potion of heal wounds {unknown}
Comestibles
 b - a bread ration {@e1}
 f - 3 fruits
 g - a beef jerky
 i - a chunk of flesh {@w0}
 o - a meat ration {@e2}


   Skills:
 + Level 3.6 Fighting
 + Level 0.3 Armour
 + Level 3.3 Dodging
 - Level 1.7 Stealth
 + Level 4.2 Unarmed Combat
 + Level 1.1 Invocations


You had 3 spell levels left.
You didn't know any spells.

Dungeon Overview and Level Annotations

Branches:
Dungeon (3/15)

Altars:
Okawaru
Qazlal
Ru
Trog
Xom

Annotations:
D:3 Robin


Innate Abilities, Weirdness & Mutations

You have a pair of small antennae on your head.
You are partially covered in large bone plates (AC +2, SH +2).
You sometimes gain a little power by taking damage.


Message History

The hobgoblin hits you but does no damage.
The goblin hits you but does no damage. Robin hits you but does no damage.
A giant gecko comes into view.
You smack the goblin!
You kill the goblin!
Qazlal accepts your kill.
You feel sick.
The hobgoblin hits you but does no damage.
You smack the hobgoblin!
You kill the hobgoblin!
Qazlal accepts your kill. Robin throws the goblin at you!
The goblin hits you but does no damage.
You hit the giant gecko but do no damage.
You feel sick. Robin completely misses you.
The giant gecko bites you but does no damage.
The goblin hits you but does no damage.
You take 1 damage, and have 22/54 hp.
You smack the giant gecko!
You kill the giant gecko!
Qazlal accepts your kill. Robin hits you but does no damage.
The goblin hits you but does no damage.
You hit the goblin.
You kill the goblin!
Qazlal accepts your kill. Robin hits you but does no damage.
You are more poisoned.
Drink which item? (? for menu, Esc to quit)
Okay, then.
You cannot move.
You swing at nothing.
You feel sick. Robin hits you but does no damage.
You take 2 damage, and have 20/54 hp.
You swing at nothing.
You feel sick.
You swing at nothing.
You feel sick. Robin hits you but does no damage.
You are more poisoned.
You take 1 damage, and have 19/54 hp.
You feel sick. Robin hits you but does no damage.
You take 1 damage, and have 18/54 hp.
You feel sick. Robin hits you but does no damage.
You take 2 damage, and have 16/54 hp.
You feel sick. Robin hits you but does no damage.
You take 1 damage, and have 15/54 hp.
You feel sick. Robin hits you but does no damage.
You feel sick.
Robin says, "Duck!"
You block Robin's attack.
You take 1 damage, and have 14/54 hp.
Drink which item? (? for menu, Esc to quit)
It was a potion of curing.
You feel better. Robin completely misses you.
You regained 10 hp, and now have 24/54 hp.
Robin hits you but does no damage. You block Robin's attack.
Robin hits you from afar with a trident of venom.
Robin hits you but does no damage.
You hear a shout!
Robin roars a battlecry!
The goblin goes into a battle-frenzy!
Robin hits you but does no damage.
A goblin comes into view. It is wielding a club.
You block Robin's attack. Robin throws the goblin at you!
Robin hits you but does no damage.
You are poisoned.
The goblin hits you but does no damage.
You take 1 damage, and have 23/54 hp.
You smack the goblin!
You kill the goblin!
Qazlal accepts your kill.
You feel sick.
You take 1 damage, and have 22/54 hp.
You feel sick. Robin hits you but does no damage.
You take 1 damage, and have 21/54 hp.
Your transformation is almost over.
You feel sick.
Robin hits you from afar with a trident of venom.
You take 2 damage, and have 19/54 hp.
You feel sick. You block Robin's attack.
You take 1 damage, and have 18/54 hp.
Robin hits you but does no damage.
You feel sick. Robin hits you but does no damage. Robin barely misses you.
You feel sick. Robin hits you but does no damage.
You take 1 damage, and have 17/54 hp.
You feel sick.
You take 1 damage, and have 16/54 hp.
Robin hits you from afar with a trident of venom.
* * * LOW HITPOINT WARNING * * *
You take 2 damage, and have 14/54 hp.
You feel less woody.
Your +0 pair of boots unmelds from your body.
Your +0 robe unmelds from your body.
You block Robin's attack.
You now have 9/36 hp.
You feel sick. Robin closely misses you.
Things that are here:
a club; a hobgoblin corpse You hit Robin.
Robin closely misses you.
You closely miss Robin. You block Robin's attack.
You barely miss Robin.
You feel sick.
You take 1 damage, and have 8/36 hp.
You hit Robin. Robin hits you with a trident of venom!
You die...

. #.#.##
#.##.#..#
#..#.##.#
####.####.#
#(...(...(##
..##.##ยง.#
#.#.#.#.# ##
#.##..)##.#...#
?.(...().@g..#
.#.##...##.#.#
#.#.#.#.#.#
..##. #..# #
#(. .( (# ..#
##. #. ## .. .
#


You could see Robin.

Vanquished Creatures
  Jessica (D:2)
  An ooze (D:2)
  2 worms (D:2)
  2 giant geckos
  5 bats
  2 giant cockroaches
  11 goblins
  5 hobgoblins
  3 jackals (D:2)
  3 giant newts
  6 kobolds
  7 rats
48 creatures vanquished.

Notes
Turn   | Place    | Note
--------------------------------------------------------------
     0 | D:1      | esc the Demonspawn Monk began the quest for the Orb.
     0 | D:1      | Reached XP level 1. HP: 18/18 MP: 1/1
   293 | D:1      | Gained mutation: You are partially covered in large bone plates (AC +2, SH +2). [demonic ancestry]
   293 | D:1      | Reached XP level 2. HP: 24/24 MP: 2/2
   686 | D:1      | Reached skill level 3 in Dodging
   881 | D:2      | Found a stormy altar of Qazlal.
   899 | D:2      | Became a worshipper of Qazlal Stormbringer
   899 | D:2      | Reached * piety under Qazlal
   899 | D:2      | Reached ** piety under Qazlal
   902 | D:2      | Found a bloodstained altar of Trog.
   904 | D:2      | Found a sacrificial altar of Ru.
   906 | D:2      | Found a shimmering altar of Xom.
   943 | D:2      | Gained mutation: You have a pair of small antennae on your head. [demonic ancestry]
   943 | D:2      | Reached XP level 3. HP: 27/29 MP: 3/3
   951 | D:2      | Noticed Jessica
   955 | D:2      | Reached skill level 4 in Unarmed Combat
   973 | D:2      | Killed Jessica
   973 | D:2      | Reached skill level 1 in Invocations
  1109 | D:2      | Gained mutation: You sometimes gain a little power by taking damage. [demonic ancestry]
  1109 | D:2      | Reached XP level 4. HP: 21/35 MP: 4/4
  1133 | D:2      | Found an iron altar of Okawaru.
  1570 | D:3      | Noticed Robin
  1616 | D:3      | HP: 9/36 [poisoned by Robin]
  1620 | D:3      | Slain by Robin

Vault maps used:
D:1:      dpeg_arrival_renting, minmay_misc_feat_roman
D:2:      minitemple, lemuel_crystal_altar, serial_corexii_hall,
          corexii_hall_statues_x, corexii_hall_statues_i,
          minmay_splitting_lines, kennysheep_big_empty_room,
          minmay_misc_feat_cross, uniq_jessica
D:3:      grunt_temple_overflow_order_and_chaos_2, roderic_three_in_a_row,
          uniq_robin

Action                   |  1- 3 |  4- 6 || total
-------------------------+-------+-------++-------
Melee: Unarmed           |   133 |    37 ||   170
  Use: Scroll            |     1 |       ||     1
       Potion            |       |     2 ||     2
 Stab: Sleeping          |     3 |       ||     3
  Eat: Chunk             |     1 |     1 ||     2

Vault maps used:
D:1:      dpeg_arrival_renting, minmay_misc_feat_roman
D:2:      minitemple, lemuel_crystal_altar, serial_corexii_hall,
          corexii_hall_statues_x, corexii_hall_statues_i,
          minmay_splitting_lines, kennysheep_big_empty_room,
          minmay_misc_feat_cross, uniq_jessica
D:3:      grunt_temple_overflow_order_and_chaos_2, roderic_three_in_a_row,
          uniq_robin

Table legend:
 A = Turns spent in this place as a percentage of turns spent in the entire game.
 B = Non-inter-level travel turns spent in this place as a percentage of non-inter-level travel turns spent in the entire game.
 C = Inter-level travel turns spent in this place as a percentage of turns spent in this place.
 D = Turns resting spent in this place as a percentage of non-inter-level travel turns spent in this place.
 E = Turns spent auto-exploring this place as a percentage of non-inter-level travel turns spent in this place.
 F = Non-inter-level travel turns spent in this place divided by the number of levels of this place that you've seen.
                   A       B       C       D       E      F
               +-------+-------+-------+-------+-------+----------------------
         Total | 100.0 | 100.0 |   0.6 |   0.4 |  10.0 | 176.7
       Dungeon | 100.0 | 100.0 |   0.6 |   0.4 |  10.0 | 176.7
               +-------+-------+-------+-------+-------+----------------------

Table legend:
 A = Kills in this place as a percentage of kills in entire the game.
 B = Kills by you in this place as a percentage of kills by you in the entire game.
 C = Kills by friends in this place as a percentage of kills by friends in the entire game.
 D = Other kills in this place as a percentage of other kills in the entire game.
 E = Experience gained in this place as a percentage of experience gained in the entire game.
 F = Experience gained in this place divided by the number of levels of this place that you have seen.
                   A       B       C       D       E      F
               +-------+-------+-------+-------+-------+----------------------
         Total | 100.0 | 100.0 |  -nan |  -nan | 100.0 |  41.7
       Dungeon | 100.0 | 100.0 |  -nan |  -nan | 100.0 |  41.7
               +-------+-------+-------+-------+-------+----------------------
